 Dungeon Crawl Stone Soup version 0.16-a0-3913-g9d9d7ce (webtiles) character file.

308 Sixotanaka the Slasher (level 6, -2/47 HPs)
             Began as a Demonspawn Berserker on Feb 3, 2015.
             Was a Priest of Trog.
             Slain by a gnoll
             ... wielding a +0 spear
              (6 damage)
             ... on level 6 of the Dungeon.
             The game lasted 00:05:24 (2837 turns).

Sixotanaka the Slasher (Demonspawn Berserker)       Turns: 2837, Time: 00:05:24

Health: -2/47      AC:  6    Str: 19    XL:     6   Next: 16%
Magic:  6/6        EV: 10    Int:  8    God:    Trog [***...]
Gold:   146        SH:  0    Dex: 13    Spells: 0 memorised, 5 levels left

rFire  . . .     SeeInvis .     a - +0 falchion
rCold  + . .     Clarity  .     k - +0 scale mail
rNeg   + . .     SustAb   .     (no shield)
rPois  .         Gourm    .     (helmet restricted)
rElec  .         Spirit   .     (no cloak)
rCorr  .         Warding  .     (no gloves)
rMut   .         Stasis   .     (no boots)
MR     .....                    (no amulet)
Stlth  ..........               r - ring of protection from cold
                                m - ring of positive energy

@: exhausted, slowed, very slow, not resistant to hostile enchantments,
extremely unstealthy
A: horns 1, rot immunity
a: Burn Spellbooks, Berserk, Trog's Hand, Renounce Religion


You were on level 6 of the Dungeon.
You worshipped Trog.
Trog was most pleased with you.
You were very hungry.

You visited 1 branch of the dungeon, and saw 4 of its levels.

You collected 146 gold pieces.


Innate Abilities, Weirdness & Mutations

You have a pair of small horns on your head.
You are immune to rotting.


   Skills:
 - Level 3.0 Fighting
 + Level 6.3 Long Blades
 - Level 1.7 Armour
 - Level 1.7 Dodging


You had 5 spell levels left.
You didn't know any spells.

Dungeon Overview and Level Annotations

Branches:
Dungeon (6/15)
 Temple: D:4-7

Altars:
Gozag
Qazlal

Inventory:

Hand weapons
 a - a +0 falchion (weapon)
 b - a +0 blowgun
Missiles
 h - 133 stones (quivered)
 l - 14 poisoned needles
Armour
 e - a +0 ring mail
 k - a +0 scale mail (worn)
Jewellery
 m - a ring of positive energy (left hand)
 r - a ring of protection from cold (right hand)
Scrolls
 f - a scroll of noise {unknown}
 g - 2 scrolls of identify {unknown}
 j - a scroll of enchant armour {unknown}
 n - a scroll of teleportation {unknown}
 q - a scroll of magic mapping {unknown}
 s - 2 scrolls of remove curse {unknown}
Potions
 p - a potion of agility
 t - a potion of heal wounds {unknown}
Comestibles
 c - a bread ration
 d - 6 fruits
 i - a chunk of flesh

#.≈≈≈....#
#.≈≈≈....#
#.≈≈≈..P.#
#.≈≈≈....#
#.≈≈≈....#
#.≈≈≈..gg#
###≈≈..gg#
#≈≈P...#
#≈≈...@#
#≈≈....#
≈≈≈≈....#
≈≈≈≈...P#
........#
########


You could see a gnoll sergeant and 3 gnolls.


Message History

You open the large door. 9 gnolls, a gnoll shaman and a gnoll sergeant come into view.
The gnoll shouts!
The gnoll sergeant shouts!
The gnoll shouts!
The gnoll shouts! x6
You hear a shout! x3
The gnoll sergeant hits you from afar with a spear of piercing.
The gnoll barely misses you.
Found a pink potion. 4 gnolls come into view.
There are monsters nearby!
You closely miss the gnoll.
The gnoll moves out of view.
The gnoll sergeant hits you from afar with a spear of piercing.
The gnoll hits you from afar with a spear.
The gnoll moves out of view.
The gnoll hits you with a halberd!
There is an open door here.
There is an open door here.
You barely miss the gnoll. The gnoll hits you but does no damage.
You enter the shallow water.
Moving in this stuff is going to be slow.
The gnoll hits you. The gnoll hits you.
The gnoll splashes around in the water.
A gnoll comes into view. It is wielding a spear.
You see here a jackal skeleton.
The gnoll shouts!
The gnoll shouts! x2
The gnoll shouts!
The gnoll shouts!
The gnoll hits you but does no damage.
A red film seems to cover your vision as you go berserk!
You feel yourself moving faster!
You feel mighty!
You are feeling hungry.
The gnoll hits you but does no damage.
You feel a strong urge to attack something.
The gnoll hits you with a spear.
* * * LOW HITPOINT WARNING * * *
You slash the gnoll! You headbutt the gnoll.
You kill the gnoll!
Trog accepts your kill.
You see here a spear.
You feel a strong urge to attack something.
You see here a helmet.
You see here a spear.
You feel your anger subside.
You are no longer berserk.
You are exhausted.
You feel yourself slow down.
You are feeling very hungry.
The gnoll shouts!
The gnoll sergeant barely misses you. The gnoll sergeant closely misses you.
You see here a spear.
You see here a helmet.
The gnoll sergeant hits you from afar with a spear of piercing!
* * * LOW HITPOINT WARNING * * *
* * * LOW HITPOINT WARNING * * *
The gnoll sergeant closely misses you.
The gnoll sergeant hits you but does no damage.
The gnoll sergeant hits you but does no damage.
The gnoll hits you but does no damage.
The gnoll sergeant completely misses you.
The gnoll hits you from afar with a halberd.
* * * LOW HITPOINT WARNING * * *
The gnoll hits you.
* * * LOW HITPOINT WARNING * * *
The gnoll hits you but does no damage. The gnoll hits you.
* * * LOW HITPOINT WARNING * * *
The gnoll hits you from afar with a spear.
You die...

Action                   |  1- 3 |  4- 6 || total
-------------------------+-------+-------++-------
Melee: Falchion          |    86 |   107 ||   193
Invok: Berserk           |     1 |     3 ||     4
  Use: Potion            |       |     1 ||     1
  Eat: Bread ration      |     1 |       ||     1
       Chunk             |       |     3 ||     3
       Beef jerky        |       |     1 ||     1

Vault maps used:
D:1:      dpeg_arrival_tiny_c, minmay_misc_feat_pillars,
          minmay_misc_feat_ornament
D:2:      old_standard_altar, uniq_sigmund
D:3:      first_bread, nicolae_gozag_cash_rules_everything_around_me,
          uniq_crazy_yiuf_cottage, uniq_jessica
D:6:      lemuel_castle_with_subvaults, minmay_strange_pillars

Notes
Turn   | Place    | Note
--------------------------------------------------------------
     0 | D:1      | Sixotanaka, the Demonspawn Berserker, began the quest for the Orb.
     0 | D:1      | Reached XP level 1. HP: 18/18 MP: 1/1
   152 | D:1      | Reached skill level 3 in Long Blades
   172 | D:1      | Gained mutation: You have a pair of small horns on your head. [demonic ancestry]
   172 | D:1      | Reached XP level 2. HP: 14/24 MP: 2/2
   576 | D:1      | Reached XP level 3. HP: 29/29 MP: 3/3
   718 | D:1      | Acquired Trog's second power
   733 | D:1      | Reached skill level 4 in Long Blades
  1164 | D:2      | Noticed Sigmund
  1175 | D:2      | Killed Sigmund
  1175 | D:2      | Reached skill level 5 in Long Blades
  1175 | D:2      | Reached XP level 4. HP: 35/35 MP: 4/4
  1287 | D:2      | Found a stormy altar of Qazlal.
  1791 | D:2      | Reached XP level 5. HP: 38/41 MP: 5/5
  1983 | D:3      | Found an opulent altar of Gozag.
  2018 | D:3      | Noticed Jessica
  2054 | D:3      | HP: 6/41 [Jessica/nerve-wracking pain (14)]
  2064 | D:3      | HP: 3/41 [Jessica/nerve-wracking pain (5)]
  2066 | D:3      | Killed Jessica
  2066 | D:3      | Reached skill level 6 in Long Blades
  2566 | D:3      | Gained mutation: You are immune to rotting. [demonic ancestry]
  2566 | D:3      | Reached XP level 6. HP: 42/47 MP: 6/6
  2639 | D:3      | You fall through a shaft for 3 floors!
  2832 | D:6      | HP: 10/47 [gnoll/halberd (5)]
  2836 | D:6      | HP: 4/47 [gnoll (2)]
  2837 | D:6      | Slain by a gnoll

Vanquished Creatures
  Sigmund (D:2)
  A hound (D:3)
  An orc priest (D:3)
  An orc wizard (D:3)
  Jessica (D:3)
  A gnoll (D:6)
  2 adders
  2 worms (D:3)
  2 giant mites
  A giant gecko (D:1)
  3 orcs (D:3)
  7 bats
  A giant cockroach (D:1)
  5 goblins
  8 hobgoblins
  17 jackals
  7 kobolds
  4 giant newts
  3 rats
68 creatures vanquished.
